 Dungeon Crawl Stone Soup version 0.30-a0-672-gc3a7216ad8 (webtiles) character file.

Game seed: 274343301019885893

3 Leeroy the Slasher (level 1, -2/12 HPs)
             Began as a Tengu Warper on Jan 18, 2023.
             Succumbed to a kobold's poison
             ... on level 1 of the Dungeon.
             The game lasted 00:00:41 (75 turns).

Leeroy the Slasher (Tengu Warper)                     Turns: 75, Time: 00:00:42

Health: -2/12      AC:  3    Str: 11    XL:     1   Next: 50%
Magic:  4/4        EV: 11    Int: 13    God:
Gold:   0          SH:  0    Dex: 13    Spells: 4/4 levels left

rFire   . . .      SeeInvis .    a - +0 falchion
rCold   . . .      Faith    .    (no shield)
rNeg    . . .      Spirit   .    b - +0 leather armour
rPois   .          Reflect  .    (helmet restricted)
rElec   .          Harm     .    (no cloak)
rCorr   .          Rampage  .    (no gloves)
Will    .....                    (boots unavailable)
Stlth   +                        (no amulet)
HPRegen 0.22/turn                (no ring)
MPRegen 0.09/turn                (no ring)

@: lethally poisoned (-2 -> -24)
A: beak, talons 3
a: no special abilities


You were on level 1 of the Dungeon.
You visited 1 branch of the dungeon, and saw 1 of its levels.

Inventory:

Hand Weapons
 a - a +0 falchion (weapon)
Missiles
 d - 7 boomerangs of dispersal (quivered)
Armour
 b - a +0 leather armour (worn)
Scrolls
 c - a scroll of blinking
 e - a scroll of torment {unknown}
 g - a scroll of enchant weapon {unknown}
Potions
 f - a potion of resistance {unknown}


   Skills:
 - Level 2.0 Fighting
 + Level 2.5 Long Blades
 - Level 1.0 Throwing
 - Level 1.1 Armour
 - Level 2.1 Dodging
 - Level 2.0 Spellcasting
 - Level 2.4 Translocations


You had 4 spell levels left.
You didn't know any spells.
Your spell library contained the following spells:

 Spells                   Type           Power      Damage    Failure   Level
 Blink                    Tloc           14%        N/A       19%         2
 Lesser Beckoning         Tloc           14%        N/A       19%         2
 Teleport Other           Tloc           7%         N/A       36%         3
 Vhi's Electric Charge    Tloc/Air       8%         N/A       52%         3
 Manifold Assault         Tloc           7%         N/A       77%         4


Dungeon Overview and Level Annotations

Branches:
Dungeon (1/15)

Altars:


Innate Abilities, Weirdness & Mutations

You have a beak for a mouth.
You have claws for feet.


Message History

HP restored.
f - a cyan potion A ball python comes into view.
Found a falchion.
A ball python is nearby!
You hit the ball python.
You kill the ball python!
No target in view!
No target in view!
No target in view!
No target in view!
g - a scroll labelled DAHOUL GONE A kobold comes into view.
It is wielding a +0 dagger of venom.
The kobold shouts!
A kobold is nearby!
You see here a scroll labelled VAOPNIRYARPHY.
A goblin comes into view. It is wielding a +0 dagger.
The goblin shouts!
The kobold barely misses you.
You closely miss the kobold. You claw the kobold, but do no damage.
The kobold hits you with a +0 dagger of venom.
You are lethally poisoned!
The kobold barely misses you.
You hit the kobold.
The kobold is severely wounded.
You feel very sick.
The kobold hits you with a +0 dagger of venom.
* * * LOW HITPOINT WARNING * * *
You are more poisoned.
You are too injured to fight recklessly!
You are too injured to fight recklessly!
You are too injured to fight recklessly!
You are too injured to fight recklessly!
You are too injured to fight recklessly!
You are too injured to fight recklessly!
You are too injured to fight recklessly!
You closely miss the kobold. Your peck misses the kobold.
The kobold is severely wounded.
Ouch! That really hurt!
You die...

#.#.# # #.#.# #.#.#
#.#.# #.#.# #.#.# #.#
#.####################
#...........?.@K.g....
######################


You could see a goblin and a kobold.

Vanquished Creatures
  An endoplasm (D:1)
  2 ball pythons (D:1)
  A bat (D:1)
4 creatures vanquished.

Notes
Turn   | Place    | Note
-------+----------+-------------------------------------------
     0 | D:1      | Leeroy the Tengu Warper began the quest for the Orb.
     0 | D:1      | Reached XP level 1. HP: 12/12 MP: 4/4
    75 | D:1      | Succumbed to a kobold's poison

Illustrated notes

Levels and vault maps discovered:
D:1:      spicycebolla_arrival_xxxplode, layout_basic

Action                   || total
-------------------------++-------
Melee: Falchion          ||     8
       Kick              ||     2
Armor: Leather armour    ||     2
Dodge: Dodged            ||     7

Table legend: (Time is in decaauts)
 A = Elapsed time spent in this place.
 B = Non-inter-level travel time spent in this place.
 C = Inter-level travel time spent in this place.
 D = Time resting spent in this place.
 E = Time spent auto-exploring this place.
 F = Levels seen in this place.
 G = Mean time per level.
                   A        B        C        D        E       F      G
               +--------+--------+--------+--------+--------+-----+--------+
         Total |     76 |     76 |      0 |      0 |     53 |   1 |   76.0 |
       Dungeon |     76 |     76 |      0 |      0 |     53 |   1 |   76.0 |
               +--------+--------+--------+--------+--------+-----+--------+

Top non-repeatable levels by time:
     D:1: 76 daAuts
